 Dungeon Crawl Stone Soup version 0.26-a0-651-gb41185065b (webtiles) character file.

Game seed: 16286570996201700681

74 Irenicus the Digger (level 4, 0/36 HPs)
             Began as a Deep Dwarf Earth Elementalist on Oct 6, 2020.
             Hit by a boomerang thrown by an orc (4 damage)
             ... on level 2 of the Dungeon.
             The game lasted 00:04:13 (508 turns).

Irenicus the Digger (Deep Dwarf Earth Elementalist)  Turns: 508, Time: 00:04:14

Health: 0/36       AC:  2    Str: 11    XL:     4   Next: 10%
Magic:  1/7        EV: 12    Int: 17    God:
Gold:   49         SH:  0    Dex: 13    Spells: 4/7 levels left

rFire    . . .     SeeInvis .   g - +0 whip (venom)
rCold    . . .     Faith    +   (no shield)
rNeg     . . .     Spirit   .   c - +0 robe
rPois    .         Reflect  .   (no helmet)
rElec    .         Harm     .   (no cloak)
rCorr    .         Rampage  .   (no gloves)
MR       .....                  (no boots)
Stlth    ++........             f - amulet of faith {Faith, !P}
HPRegen  0.00/turn              (no ring)
MPRegen  0.10/turn              (no ring)

@: mighty, non-regenerating
A: damage resistance, heal wounds, sense surroundings 1, no regeneration
a: Heal Wounds


You were on level 2 of the Dungeon.
You visited 1 branch of the dungeon, and saw 2 of its levels.

You collected 49 gold pieces.

Inventory:

Hand Weapons
 e - a +0 club
   (You took it off a hobgoblin on level 1 of the Dungeon)
 g - a +0 whip of venom (weapon)
   (You took it off a kobold on level 1 of the Dungeon)
Missiles
 b - 56 stones (quivered)
Armour
 c - a +0 robe (worn)
Jewellery
 f - an amulet of faith (around neck) {Faith, !P}
   (You found it on level 1 of the Dungeon)
Potions
 d - a potion of might
 h - a potion of magic {unknown}
 j - a potion of curing {unknown}


   Skills:
 - Level 2.1 Dodging
 - Level 2.4 Stealth
 - Level 2.0 Spellcasting
 - Level 0.8 Transmutations
 + Level 6.5 Earth Magic


You had 4 spell levels left.
You knew the following spells:

 Your Spells              Type           Power        Failure   Level
a - Sandblast             Erth           ###...       1%          1
w - Passwall              Tmut/Erth      ##......     6%          2

Your spell library contained the following spells:

 Spells                   Type           Power        Failure   Level
 Stone Arrow              Conj/Erth      ##....       16%         3
 Petrify                  Tmut/Erth      ##......     38%         4
 Lee's Rapid Deconstruct  Erth           ###.......   36%         5


Dungeon Overview and Level Annotations

Branches:
Dungeon (2/15)

Altars:


Innate Abilities, Weirdness & Mutations

You are resistant to damage.
You can heal yourself by infusing magical energy.
You passively map a small area around you.
You do not regenerate.


Message History

The bat misses you. The bat closely misses you.
The bat hits you but does no damage. The bat closely misses you.
The bat closely misses you. x2
Casting: Sandblast (safe; 1% risk of failure)
Confirm with . or Enter, or press ? or * to list all spells.
Aiming: Sandblast (safe; 1% risk of failure)
Press: ? - help, Shift-Dir - straight line, f - bat
Aim: a bat The blast of sand hits the bat but does no damage.
b - 32 stones The bat hits you.
You now have 0/7 mp.
The bat closely misses you.
Found 26 stones.
Found a stone staircase leading up.
The bat hits you but does no damage.
The orc wizard gestures wildly while chanting.
The orc wizard flickers and vanishes!
Deactivating autopickup; reactivate with Ctrl-A.
The bat hits you but does no damage. The bat barely misses you.
You see here 26 stones.
b - 58 stones (gained 26)
The bat closely misses you. The bat hits you but does no damage.
The bat barely misses you. The bat closely misses you.
The bat barely misses you.
The orc throws a boomerang.
The boomerang hits you.
The weapon returns to the orc!
There is a stone staircase leading up here.
The bat hits you but does no damage. x2; The orc throws a boomerang.
The boomerang barely misses you.
The weapon returns to the orc!
The bat hits you but does no damage.
You climb upwards.
Reactivating autopickup.
There is a stone staircase leading down here.
As you read the scroll labeled GUIGHI UXOEHA, it crumbles to dust.
You feel blessed for a moment.
It was a scroll of remove curse.
Okay, then.
You climb downwards.
The orc throws a boomerang.
The boomerang closely misses you.
The weapon returns to the orc!
The orc throws a boomerang.
The boomerang misses you.
The weapon returns to the orc!
There is a stone staircase leading up here.
You barely miss the bat. The bat misses you. Something hits you.
Deactivating autopickup; reactivate with Ctrl-A.
Casting: Sandblast (safe; 1% risk of failure)
Confirm with . or Enter, or press ? or * to list all spells.
Aiming: Sandblast (safe; 1% risk of failure)
Press: ? - help, Shift-Dir - straight line, f - bat
Aim: a bat The blast of sand hits the bat!!
You kill the bat!
b - 57 stones Something hits you.
You take 1 damage, and have 18/36 hp.
You now have 0/7 mp.
A goblin comes into view. It is wielding a +0 club.
You hear some strange, mumbled words.
Something tries to affect you, but you resist.
You hear some strange, mumbled words.
You are confused.
The orc throws a boomerang.
The boomerang hits you.
The weapon returns to the orc!
You take 5 damage, and have 13/36 hp.
You're too confused to move!
You bump into the rock wall.
You miss the orc. The orc barely misses you.
An ogre comes into view. It is wielding a +0 giant spiked club.
The ogre shouts!
A giant cockroach comes into view.
You feel less confused.
You see here a glowing mace.
A bat comes into view.
The bat moves out of view.
The giant cockroach bites you. The orc hits you with a +0 dagger.
You take 1 damage, and have 12/36 hp.
The giant cockroach closely misses you.
It was a potion of might.
You feel very mighty all of a sudden. The giant cockroach closely misses you.
You closely miss the giant cockroach. The giant cockroach bites you.
You take 1 damage, and have 11/36 hp.
You whack the giant cockroach!
You kill the giant cockroach!
You barely miss something.
You hear some strange, mumbled words.
A magic dart appears from out of thin air!
The magic dart hits you!
* * * LOW HITPOINT WARNING * * *
Something hits you.
You take 7 damage, and have 4/36 hp.
Casting: Sandblast (safe; 1% risk of failure)
Confirm with . or Enter, or press ? or * to list all spells.
Press: ? - help, Shift-Dir - straight line, f - orc
Aim: an orc, wielding a +0 dagger The blast of sand hits the orc!
You kill the orc!
b - 56 stones The orc throws a boomerang.
The boomerang hits you.
You die...

#. #.###.# ,
#.##?..#.###.. ,
#(#......#....
#.#...........
###.*......#.#..
,,.$. .........#
####.###o.....#
#....@.†)...# ,
* #.#..###.)#.#
#.# #..# * #)*
#..#.# * # *
#..#.# *
####..#.### * *
#.........g.
#.#.#.<...#.####
.........#.#.##


You could see an orc.

Vanquished Creatures
  Terence (D:2)
  3 dart slugs (D:1)
  2 leopard geckos (D:1)
  An orc (D:2)
  4 giant cockroaches
  3 goblins
  3 hobgoblins (D:1)
  8 jackals (D:1)
  5 bats
  A frilled lizard (D:1)
  3 kobolds (D:1)
  2 rats (D:1)
36 creatures vanquished.

Vanquished Creatures (others)
  2 plants (D:1)
2 creatures vanquished.

Grand Total: 38 creatures vanquished

Notes
Turn   | Place    | Note
-------+----------+-------------------------------------------
     0 | D:1      | Irenicus the Deep Dwarf Earth Elementalist began the quest
                  | for the Orb.
     0 | D:1      | Reached XP level 1. HP: 15/15 MP: 3/3
    93 | D:1      | Reached skill level 2 in Spellcasting
   121 | D:1      | Reached XP level 2. HP: 20/22 MP: 0/5
   160 | D:1      | Reached skill level 5 in Earth Magic
   220 | D:1      | Reached XP level 3. HP: 24/28 MP: 0/6
   325 | D:1      | Learned a level 2 spell: Passwall
   457 | D:2      | Noticed Terence
   466 | D:2      | Killed Terence
   466 | D:2      | Reached skill level 6 in Earth Magic
   466 | D:2      | Reached XP level 4. HP: 19/36 MP: 0/7
   498 | D:2      | Noticed an ogre
   506 | D:2      | HP: 4/36 [something/magic dart (7)]
   508 | D:2      | Hit by a boomerang thrown by an orc

Illustrated notes

Levels and vault maps discovered:
D:1:      dpeg_arrival_concentric_ovals, layout_basic, serial_bayou_crossing
D:2:      layout_loops_ring, marbit_many_paths, nicolae_tso_swordbearing_angel,
          uniq_robin, uniq_terence

Skill      XL: |  1  2  3 |
---------------+----------+-----
Spellcasting   | 2 |  2.0
Earth Magic    | 5 6 |  6.5
Dodging        | |  2.1
Stealth        | |  2.4
Transmutations | |  0.8

Action                   |  1- 3 |  4- 6 || total
-------------------------+-------+-------++-------
Melee: Unarmed           |     7 |       ||     7
       Whip              |    38 |     5 ||    43
       Club              |     1 |       ||     1
 Cast: Sandblast         |    30 |     4 ||    34
       Passwall          |     2 |       ||     2
  Use: Scroll            |       |     3 ||     3
       Potion            |       |     1 ||     1
Armor: Robe              |    19 |     7 ||    26
Dodge: Dodged            |    66 |    20 ||    86

Table legend: (Time is in decaauts)
 A = Elapsed time spent in this place.
 B = Non-inter-level travel time spent in this place.
 C = Inter-level travel time spent in this place.
 D = Time resting spent in this place.
 E = Time spent auto-exploring this place.
 F = Levels seen in this place.
 G = Mean time per level.
                   A        B        C        D        E       F      G
               +--------+--------+--------+--------+--------+-----+--------+
         Total |    524 |    524 |      0 |      0 |      0 |   2 |  262.0 |
       Dungeon |    524 |    524 |      0 |      0 |      0 |   2 |  262.0 |
               +--------+--------+--------+--------+--------+-----+--------+

Top non-repeatable levels by time:
     D:1: 471 daAuts
     D:2: 52 daAuts

Table legend:
 A = Kills in this place as a percentage of kills in entire the game.
 B = Kills by you in this place as a percentage of kills by you in the entire game.
 C = Kills by friends in this place as a percentage of kills by friends in the entire game.
 D = Other kills in this place as a percentage of other kills in the entire game.
 E = Experience gained in this place as a percentage of experience gained in the entire game.
 F = Experience gained in this place divided by the number of levels of this place that you have seen.
                   A       B       C       D       E      F
               +-------+-------+-------+-------+-------+----------------------
         Total | 100.0 | 100.0 |   N/A |   N/A | 100.0 |  53.5
       Dungeon | 100.0 | 100.0 |   N/A |   N/A | 100.0 |  53.5
               +-------+-------+-------+-------+-------+----------------------
